 Dungeon Crawl Stone Soup version 0.31-a0-1005-gfbdfbacc72 (webtiles) character file.

Game seed: 3113272750495073135

5242 night the Summoner (level 10, -1/83 HPs)
             Began as a Grey Draconian Summoner on Nov 11, 2023.
             Was an Initiate of Yredelemnul.
             Slain by a vampire
             ... wielding a +2 hand axe of freezing
              (12 damage)
             ... on level 7 of the Dungeon.
             The game lasted 00:24:12 (6966 turns).

night the Summoner (Grey Draconian Summoner)        Turns: 6966, Time: 00:24:12

Health: -1/83      AC: 14    Str: 11    XL:     10   Next: 36%
Magic:  18/23      EV: 11    Int: 20    God:    Yredelemnul [......]
Gold:   437        SH:  3    Dex: 11    Spells: 15/28 levels left

rFire   . . .        v - +4 hand axe of the Equinox {heavy, rElec rPois rCorr Stlth-}
rCold   . . .        k - +0 buckler
rNeg    . . .        (body armour unavailable)
rPois   +            (helmet restricted)
rElec   +            g - +0 cloak
rCorr   +            (no gloves)
SInv    .            f - +0 pair of boots
Will    .....        (no amulet)
Stlth   +            (no ring)
HPRegen 0.33/turn    (no ring)
MPRegen 0.18/turn

%: no passive effects
@: slowed, very slow
A: AC +12, amphibious, unfitting armour, cold-blooded
a: Renounce Religion, Recall Undead Harvest


You were on level 7 of the Dungeon.
You worshipped Yredelemnul.
Yredelemnul was noncommittal.
You visited 2 branches of the dungeon, and saw 8 of its levels.

You collected 541 gold pieces.
You spent 104 gold pieces at shops.

Inventory:

Hand Weapons
 c - a +1 spear
 e - a +2 dagger of venom
 v - the +4 hand axe of the Equinox (weapon) {heavy, rElec rPois rCorr Stlth-}
   (You took it off an orc on level 3 of the Dungeon)

   rElec:     It insulates you from electricity.
   rPois:     It protects you from poison rCorr: It protects you from acid and
   corrosion.
   Stlth-:    It makes you less stealthy.
 E - a +0 trident
Missiles
 b - 40 stones
 d - 6 poisoned darts
 u - 5 javelins
 w - a boomerang
 C - a throwing net
Armour
 f - a +0 pair of boots (worn)
 g - a +0 cloak (worn)
 k - a +0 buckler (worn)
Jewellery
 D - a ring of willpower
Wands
 n - a wand of flame (37)
 t - a wand of iceblast (17)
Scrolls
 h - a scroll of brand weapon
 l - 7 scrolls of teleportation
 m - 4 scrolls of fog
 o - 2 scrolls of fear
 x - 3 scrolls of torment
 y - a scroll of enchant weapon
 z - 3 scrolls of enchant armour
 B - a scroll of identify
Potions
 a - 2 potions of magic
 i - a potion of resistance {unknown}
 j - 2 potions of mutation {unknown}
 p - a potion of might {unknown}
 q - a potion of attraction {unknown}
 r - 2 potions of haste {unknown}
 s - a potion of curing


   Skills:
 + Level 5.8 Fighting
 - Level 1.7 Dodging
 - Level 1.7 Stealth
 + Level 9.5 Spellcasting
 - Level 1.8 Hexes
 + Level 10.9 Summonings


You had 15 spell levels left.
You knew the following spells:

 Your Spells              Type           Power      Damage    Failure   Level
a - Summon Small Mammal   Summ           100%       N/A       1%          1
b - Call Imp              Summ           100%       N/A       1%          2
c - Call Canine Familiar  Summ           52%        N/A       1%          3
d - Summon Guardian Gole  Hex/Summ       35%        N/A       2%          3
e - Summon Lightning Spi  Summ/Air       31%        N/A       11%         4

Your spell library contained the following spells:

 Spells                   Type           Power      Damage    Failure   Level
 Freeze                   Ice            36%        1d5       11%         1
 Kiss of Death            Conj/Necr      36%        2d8       11%         1
 Confusing Touch          Hex            17%        N/A       14%         3
 Dazzling Flash           Conj/Hex       26%        N/A       22%         3
 Frozen Ramparts          Ice            18%        1d3       32%         3
 Hailstorm                Conj/Ice       9%         3d4       32%         3
 Dispel Undead            Necr           9%         3d8       71%         4
 Silence                  Hex/Air        6%         N/A       90%         5
 Agony                    Necr           9%         N/A       96%         5


Dungeon Overview and Level Annotations

Branches:
Dungeon (7/15)             Temple (1/1) D:6

Altars:
Ashenzari
Cheibriados
Dithmenos
Elyvilon
Fedhas
Gozag
Hepliaklqana
Kikubaaqudgha
Makhleb
Nemelex Xobeh
Okawaru
Qazlal
Ru
Uskayaw
Vehumet
Wu Jian
Xom
Yredelemnul
Zin

Shops:
D:3 !   D:5 [


Innate Abilities, Weirdness & Mutations

Your dull iron-grey scales are very hard. (AC +12)
You are amphibious.
You cannot fit into any form of body armour.
You are cold-blooded and may be slowed by cold attacks.


Message History

Confirm with . or Enter, or press ? or * to list all spells.
A guardian golem appears, shielding your allies.
Unknown command.
You swap places.
You block the vampire's attack.
The vampire hits your guardian golem with a +2 hand axe of freezing.
The vampire freezes your guardian golem.
The vampire bites you.
* * * LOW HITPOINT WARNING * * *
The vampire draws strength from your injuries!
The vampire attacks as it pursues you!
The vampire hits you with a +2 hand axe of freezing!
* * * LOW HITPOINT WARNING * * *
You feel yourself slow down. The vampire freezes you.
* * * LOW HITPOINT WARNING * * *
The vampire hits your guardian golem with a +2 hand axe of freezing!
The vampire freezes your guardian golem.
The vampire closely misses you.
You feel much better. You block the vampire's attack.
The vampire hits your guardian golem with a +2 hand axe of freezing.
The vampire freezes your guardian golem.
The vampire bites you.
The vampire draws strength from your injuries!
Casting: Summon Guardian Golem (mildly dangerous; 2% risk of failure)
Confirm with . or Enter, or press ? or * to list all spells.
You feel yourself speed up.
The vampire hits you with a +2 hand axe of freezing!
* * * LOW HITPOINT WARNING * * *
You feel yourself slow down. The vampire freezes you.
* * * LOW HITPOINT WARNING * * *
The vampire hits your guardian golem with a +2 hand axe of freezing.
The vampire freezes your guardian golem.
The vampire completely misses your quokka.
The vampire bites you.
* * * LOW HITPOINT WARNING * * *
The vampire draws strength from your injuries!
Your guardian golem overheats!
The vampire hits you with a +2 hand axe of freezing!
You die...
Your body rises from the dead as a mindless zombie.

#################
................#
######.######..#
#######...#####..#############
#...>...rV@............[.....#
#.#####..9####.#.###########.#
##.## #.#.# #.# #.# #.#.# #.#
#.#####.#.#### ##.#
#.##...[...()## #... . #
#....###ยง###).######... .#.
##..##h)...##...).)....
......##..#(...##..####...


You could see a vampire (ally target), a friendly guardian golem (summoned,
inner flame) and a friendly quokka (summoned, sheltered).

Vanquished Creatures
  Eustachio (D:4)
  An ice beast (D:7)
  A centaur (D:6)
  A phantom (D:4)
  A bullfrog (D:7)
  2 scorpions (D:7)
  A howler monkey (D:7)
  A hound (D:5)
  An orc priest (D:6)
  An iguana (D:7)
  3 orc wizards
  2 gnolls (D:3)
  8 adders
  A white imp (D:6)
  A worm (D:4)
  A dart slug (D:1)
  8 orcs
  6 ball pythons
  A bat (D:2)
  2 endoplasms
  3 giant cockroaches (D:1)
  5 goblins
  4 hobgoblins
  5 quokkas
  4 frilled lizards
  A goblin zombie (D:6)
  5 kobolds
  A quokka zombie (D:6)
  4 rats
76 creatures vanquished.

Vanquished Creatures (collateral kills)
  A cyclops (D:7)
  Prince Ribbit (D:6)
  Grinder (D:3)
  Sigmund (D:3)
  A vampire (D:7)
  A wyvern (D:7)
  A water moccasin (D:7)
  3 orc warriors (D:7)
  A black bear (D:5)
  A sky beast (D:7)
  2 phantoms
  A kobold brigand (D:7)
  Blork the orc (D:5)
  A bullfrog (D:7)
  5 scorpions
  2 hounds
  An iron imp (D:5)
  2 orc priests
  A jelly (D:5)
  2 sleepcaps
  Jessica (D:2)
  Ijyb (D:3)
  3 iguanas
  3 orc wizards
  13 gnolls
  4 adders
  An ufetubus (D:5)
  2 dart slugs
  9 orcs
  4 endoplasms
  A goblin (D:2)
  5 hobgoblins
  2 kobolds
  3 quokkas
  5 ball pythons
  2 bats
  A frilled lizard (D:1)
  5 rats
95 creatures vanquished.

Vanquished Creatures (others)
  2 cyclopes (D:7)
  A slime creature (D:7)
  A wyvern (D:7)
  An ogre (D:5)
  A cyclops zombie (D:7)
  A water moccasin zombie (D:7)
  2 bullfrog zombies (D:7)
  Crazy Yiuf (D:2)
  A scorpion zombie (D:7)
  An orc wizard (D:3)
  An iguana (D:5)
  A sky beast zombie (D:7)
  An adder (D:5)
  2 iguana zombies (D:7)
  2 gnoll zombies
  5 orc zombies (D:7)
24 creatures vanquished.

Grand Total: 195 creatures vanquished

Notes
Turn   | Place    | Note
-------+----------+-------------------------------------------
     0 | D:1      | night the Draconian Summoner began the quest for the Orb.
     0 | D:1      | Reached XP level 1. HP: 14/14 MP: 3/3
    81 | D:1      | Reached XP level 2. HP: 10/20 MP: 1/5
   149 | D:1      | Learned a level 2 spell: Call Imp
   384 | D:1      | Reached XP level 3. HP: 26/26 MP: 4/7
   662 | D:2      | Learned a level 3 spell: Call Canine Familiar
  1022 | D:2      | Noticed Jessica
  1028 | D:2      | Reached XP level 4. HP: 32/33 MP: 0/8
  1028 | D:2      | Found a faded altar of an unknown god.
  1100 | D:2      | Killed Jessica
  1101 | D:2      | Reached skill level 5 in Summonings
  1322 | D:2      | Found a runed translucent door.
  1323 | D:2      | Noticed Crazy Yiuf
  1328 | D:2      | Learned a level 3 spell: Summon Guardian Golem
  1340 | D:2      | Killed Crazy Yiuf
  1579 | D:2      | You fall into a shaft and drop 2 floors!
  1671 | D:3      | Noticed Grinder
  1671 | D:3      | Paralysed by Grinder for 5 turns
  1710 | D:3      | Paralysed by Grinder for 4 turns
  1741 | D:3      | Paralysed by Grinder for 2 turns
  1746 | D:3      | Paralysed by Grinder for 2 turns
  1755 | D:3      | Paralysed by Grinder for 2 turns
  1760 | D:3      | Killed Grinder
  1761 | D:3      | Reached skill level 1 in Hexes
  1761 | D:3      | Reached XP level 5. HP: 25/38 MP: 0/11
  1761 | D:3      | Reached XP level 6. HP: 30/45 MP: 0/12
  2042 | D:3      | Found Entun's Distillery.
  2057 | D:3      | Bought a potion of curing for 39 gold pieces
  2057 | D:3      | Bought a potion of heal wounds for 65 gold pieces
  2082 | D:3      | Identified the +4 hand axe of the Equinox {heavy, rElec
                  | rPois rCorr Stlth-}
  2111 | D:3      | Noticed Sigmund
  2125 | D:3      | Killed Sigmund
  2126 | D:3      | Reached skill level 6 in Summonings
  2126 | D:3      | Your scales start taking on a dull iron-grey colour.
  2126 | D:3      | Reached XP level 7. HP: 48/50 MP: 8/14
  2172 | D:3      | Found a sacrificial altar of Ru.
  2215 | D:3      | Found a sparkling altar of Nemelex Xobeh.
  2364 | D:3      | Reached skill level 5 in Spellcasting
  2561 | D:3      | Noticed Ijyb
  2583 | D:3      | Killed Ijyb
  3148 | D:4      | Reached skill level 7 in Summonings
  3572 | D:4      | Noticed Eustachio
  3614 | D:4      | Killed Eustachio
  3740 | D:4      | Reached XP level 8. HP: 54/57 MP: 9/17
  3820 | D:5      | Entered Level 5 of the Dungeon
  4023 | D:5      | Reached skill level 8 in Summonings
  4134 | D:5      | Found an ornate altar of the Wu Jian Council.
  4138 | D:5      | Found a hide-covered altar of Uskayaw.
  4143 | D:5      | Found a white marble altar of Elyvilon.
  4161 | D:5      | Noticed Blork the orc
  4166 | D:5      | Killed Blork the orc
  4267 | D:5      | Learned a level 4 spell: Summon Lightning Spire
  4431 | D:5      | Found Lytweb's Antique Armour Boutique.
  4799 | D:5      | Found a snail-covered altar of Cheibriados.
  5080 | D:6      | Reached skill level 9 in Summonings
  5132 | D:6      | Found a staircase to the Ecumenical Temple.
  5147 | Temple   | Entered the Ecumenical Temple
  5160 | Temple   | Became a worshipper of Yredelemnul the Dark
  5189 | D:6      | Noticed Prince Ribbit
  5204 | D:6      | Killed Prince Ribbit
  5205 | D:6      | Reached XP level 9. HP: 46/62 MP: 14/20
  5291 | D:6      | Reached * piety under Yredelemnul
  5669 | D:6      | Found an iron altar of Okawaru.
  5669 | D:6      | Found a blossoming altar of Fedhas.
  5708 | D:6      | Reached skill level 1 in Fighting
  6341 | D:7      | Noticed a cyclops
  6359 | D:7      | Reached skill level 2 in Fighting
  6359 | D:7      | Killed a cyclops
  6360 | D:7      | Reached ** piety under Yredelemnul
  6360 | D:7      | Reached skill level 10 in Summonings
  6510 | D:7      | Noticed a cyclops
  6532 | D:7      | Reached XP level 10. HP: 42/80 MP: 12/23
  6543 | D:7      | Killed a cyclops
  6544 | D:7      | Reached skill level 5 in Fighting
  6713 | D:7      | Noticed a cyclops
  6725 | D:7      | Killed a cyclops
  6951 | D:7      | HP: 11/83 [vampire/+2 hand axe of freezing (2)]
  6964 | D:7      | HP: 6/83 [vampire/+2 hand axe of freezing (7)]
  6966 | D:7      | Slain by a vampire

Illustrated notes

Levels and vault maps discovered:
D:1:      dpeg_arrival_solitude, layout_rooms
D:2:      layout_rooms, chequers_ecumenical_altar_simple_redux, uniq_jessica,
          uniq_crazy_yiuf_cottage
D:3:      layout_loops_ring, mainiacjoe_overflow_24_doors, lemuel_round_altar,
          serial_shops, nicolae_shop_industrial_runoff, uniq_sigmund, uniq_ijyb,
          uniq_grinder
D:4:      layout_cave_pools, uniq_eustachio
D:5:      layout_cave_pools, slow_altar_2, grunt_temple_overflow_diamond,
          serial_shops, nicolae_square_shop, serial_bayou_pond_a,
          hangedman_minor_gate_pass, uniq_blork_the_orc
D:6:      layout_basic, gammafunk_temple_overflow_wave,
          minmay_temple_entry_junction_2, enter_ossuary_4, minmay_microvault,
          uniq_prince_ribbit1
D:7:      minmay_the_grid_octo_tiled_octocenter
          [minmay_the_grid_octo_concentric, minmay_the_grid_octo_checkered,
          minmay_the_grid_octo_tetromino_candy, minmay_the_grid_octo_pinwheel,
          minmay_the_grid_octo_prize_single_spiral,
          minmay_the_grid_square_5x5_slash, minmay_the_grid_square_5x5_plus,
          minmay_the_grid_square_5x5_inset,
          minmay_the_grid_square_5x5_hourglass], layout_loops_ring,
          tso_metal_star, mainiacjoe_overflow_small_starburst, uniq_maggie,
          uniq_menkaure
Temple:   nicolae_temple_bog_church

Skill      XL: |  1  2  3  4  5  6  7  8  9 10 |
---------------+-------------------------------+-----
Spellcasting   | 3 4 6 7 9 |  9.5
Summonings     | 5 6 7 9 10 | 10.9
Hexes          | 1 |  1.8
Fighting       | 4 5 |  5.8
Dodging        | |  1.7
Stealth        | |  1.7

Action                     |  1- 3 |  4- 6 |  7- 9 | 10-12 || total
---------------------------+-------+-------+-------+-------++-------
  Melee: Spear             |    97 |    34 |       |       ||   131
         Tailslap          |    11 |     2 |    19 |       ||    32
         Unarmed           |     2 |       |       |       ||     2
         Punch             |     1 |       |       |       ||     1
         Dagger            |       |     4 |       |       ||     4
         Hand axe          |       |       |   145 |    14 ||   159
   Cast: Summon Small Mamm |    15 |     8 |    21 |     7 ||    51
         Call Imp          |    12 |    12 |    37 |     6 ||    67
         Call Canine Famil |     4 |    12 |    35 |     8 ||    59
         Summon Guardian G |       |     1 |    18 |     6 ||    25
         Summon Lightning  |       |       |       |     1 ||     1
 Invoke: Recall Undead Har |       |       |     1 |       ||     1
  Evoke: Wand              |       |     6 |     1 |       ||     7
    Use: Scroll            |     4 |       |     8 |       ||    12
         Potion            |       |       |     1 |     1 ||     2
   Stab: Sleeping          |       |     1 |       |       ||     1
         Distracted        |       |       |     3 |       ||     3
 Armour: Skin              |    46 |    19 |   191 |    38 ||   294
  Dodge: Dodged            |    66 |    15 |   176 |    26 ||   283
  Block: Buckler           |       |     5 |    54 |     5 ||    64

Table legend: (Time is in decaauts)
 A = Elapsed time spent in this place.
 B = Non-inter-level travel time spent in this place.
 C = Inter-level travel time spent in this place.
 D = Time resting spent in this place.
 E = Time spent auto-exploring this place.
 F = Levels seen in this place.
 G = Mean time per level.
                   A        B        C        D        E       F      G
               +--------+--------+--------+--------+--------+-----+--------+
         Total |   7151 |   6875 |    276 |    245 |   4779 |   8 |  893.9 |
       Dungeon |   7124 |   6873 |    251 |    245 |   4779 |   7 | 1017.7 |
        Temple |     26 |      1 |     25 |      0 |      0 |   1 |   26.0 |
               +--------+--------+--------+--------+--------+-----+--------+

Top non-repeatable levels by time:
     D:3: 1536 daAuts
     D:6: 1298 daAuts
     D:5: 1137 daAuts
     D:2: 876 daAuts
     D:4: 788 daAuts
     D:7: 774 daAuts
     D:1: 712 daAuts
  Temple: 26 daAuts
